APP
DETROIT (APP) TIGERS @ SEATTLE (APP) MARINERS
10/24/2044
 
TOP OF THE 1ST
Elizabethton Twins batting - Pitching for Seattle (APP) Mariners : LHP David Chukwu
Pitching: LHP David Chukwu
Batting: LHB Luis Tarango 0-0: Ball
1-0: Called Strike
1-1: Ball
2-1: Ball
3-1: Swinging Strike
3-2: SINGLE (Groundball, 56, EV 99.4 MPH) (infield hit)
Batting: RHB Steve Amiano 0-0: Ball
Luis Tarango steals 2nd base
1-0: Ball
2-0: Ball
Luis Tarango steals 3rd base
3-0: Base on Balls
Batting: RHB Danny Stein 0-0: Foul Ball, location: 2F
0-1: Fielders Choice at 2nd, 3-6 (Groundball, 3S, EV 77.5 MPH)
Luis Tarango scores
Batting: RHB Justin Wright 0-0: Called Strike
0-1: Swinging Strike
0-2: Ball
1-2: Strikes out swinging
Batting: RHB Matt Horne 0-0: Foul Ball, location: 2F
0-1: Ball
1-1: Ball
2-1: Swinging Strike
2-2: Ball
3-2: Ground out 6-3 (Groundball, 6, EV 85.6 MPH)
Top of the 1st over - 1 run, 1 hit, 0 errors, 1 left on base; Elizabethton 1 - Seattle (APP) 0
BOTTOM OF THE 1ST
Seattle (APP) Mariners batting - Pitching for Elizabethton Twins : RHP Lance Wheeler
Pitching: RHP Lance Wheeler
Batting: LHB Humberto Herrada 0-0: Ball
1-0: Called Strike
1-1: Foul Ball, location: 2F
1-2: Strikes out swinging
Batting: RHB Corey Davis 0-0: Ball
1-0: Foul Ball, location: 2F
1-1: Foul Ball, location: 2F
1-2: Foul Ball, location: 2F
1-2: Foul Ball, location: 2F
1-2: Ball
2-2: Foul Ball, location: 2F
2-2: Strikes out looking
Batting: LHB Griffin Fogle 0-0: Called Strike
0-1: Ball
1-1: Foul Ball, location: 2F
1-2: Ball
2-2: Foul Ball, location: 2F
2-2: Foul Ball, location: 2F
2-2: Ball
3-2: Foul Ball, location: 2F
3-2: Foul Ball, location: 2F
3-2: Foul Ball, location: 2F
3-2: Base on Balls
Batting: RHB J.J. Phillips 0-0: Ball
1-0: Ball
2-0: Called Strike
2-1: SINGLE (Groundball, 56, EV 106.9 MPH) (infield hit)
Griffin Fogle to second
Batting: LHB Joe Thompson 0-0: Called Strike
0-1: Fly out, F8 (Flyball, 78S, EV 90.6 MPH)
Bottom of the 1st over - 0 runs, 1 hit, 0 errors, 2 left on base; Elizabethton 1 - Seattle (APP) 0
TOP OF THE 2ND
Elizabethton Twins batting - Pitching for Seattle (APP) Mariners : LHP David Chukwu
Batting: SHB Ivan Batlle 0-0: SOLO HOME RUN (Flyball, 78XD, EV 105.0 MPH), Distance : 411 ft
Batting: RHB Constantino Gaivo 0-0: Swinging Strike
0-1: SINGLE (Groundball, P, EV 74.4 MPH) (infield hit)
Batting: RHB Nate Diaz 0-0: Swinging Strike
0-1: Ball
1-1: Called Strike
1-2: Fielders Choice at 2nd, 5-4 (Groundball, 5, EV 103.1 MPH)
Batting: SHB Nick Miller 0-0: Ball
1-0: Grounds out, U3 (Groundball, 3L, EV 93.1 MPH)
Batting: LHB Luis Tarango 0-0: Ball
1-0: Fly out, F7 (Flyball, 78M, EV 95.6 MPH)
Top of the 2nd over - 1 run, 2 hits, 0 errors, 1 left on base; Elizabethton 2 - Seattle (APP) 0
BOTTOM OF THE 2ND
Seattle (APP) Mariners batting - Pitching for Elizabethton Twins : RHP Lance Wheeler
Batting: RHB Manny Santos 0-0: Ball
1-0: Fly out, F8 (Flyball, 8LXD, EV 102.5 MPH)
Batting: RHB Abel Gray 0-0: Ground out 5-3 (Groundball, 56S, EV 68.8 MPH)
Batting: RHB David Knox 0-0: Foul Ball, location: 2F
0-1: Ball
1-1: Ball
2-1: Ball
3-1: Called Strike
3-2: Foul Ball, location: 2F
3-2: Foul Ball, location: 2F
3-2: Base on Balls
Batting: RHB Evan Bohringer 0-0: Foul Ball, location: 2F
0-1: Ball
1-1: Ground out U3 (Groundball, 3, EV 81.3 MPH)
Bottom of the 2nd over - 0 runs, 0 hits, 0 errors, 1 left on base; Elizabethton 2 - Seattle (APP) 0
TOP OF THE 3RD
Elizabethton Twins batting - Pitching for Seattle (APP) Mariners : LHP David Chukwu
Batting: RHB Steve Amiano 0-0: Ball
1-0: Foul Ball, location: 2F
1-1: Foul Ball, location: 2F
1-2: Ball
2-2: Fly out, F7 (Flyball, 7S, EV 76.9 MPH)
Batting: RHB Danny Stein 0-0: Called Strike
0-1: Called Strike
0-2: Ball
1-2: Ball
2-2: Fly out, F9 (Flyball, 9D, EV 97.5 MPH)
Batting: RHB Justin Wright 0-0: Called Strike
0-1: Ground out 6-3 (Groundball, 56, EV 85.6 MPH)
Top of the 3rd over - 0 runs, 0 hits, 0 errors, 0 left on base; Elizabethton 2 - Seattle (APP) 0
BOTTOM OF THE 3RD
Seattle (APP) Mariners batting - Pitching for Elizabethton Twins : RHP Lance Wheeler
Batting: LHB Humberto Herrada 0-0: Ball
1-0: Foul Ball, location: 2F
1-1: Swinging Strike
1-2: Strikes out swinging
Batting: RHB Corey Davis 0-0: Called Strike
0-1: Foul Ball, location: 2F
0-2: Ball
1-2: Ball
2-2: Ball
3-2: Strikes out looking
Batting: LHB Griffin Fogle 0-0: Fly out, F7 (Line Drive, 7, EV 96.9 MPH)
Bottom of the 3rd over - 0 runs, 0 hits, 0 errors, 0 left on base; Elizabethton 2 - Seattle (APP) 0
TOP OF THE 4TH
Elizabethton Twins batting - Pitching for Seattle (APP) Mariners : LHP David Chukwu
Batting: RHB Matt Horne 0-0: Ball
1-0: Fly out, F9 (Flyball, 89D, EV 96.9 MPH)
Batting: SHB Ivan Batlle 0-0: Called Strike
0-1: Foul Ball, location: 2F
0-2: DOUBLE (Groundball, 5L, EV 103.1 MPH)
Batting: RHB Constantino Gaivo 0-0: Called Strike
0-1: Swinging Strike
0-2: Ball
1-2: Foul Ball, location: 2F
1-2: Ball
2-2: Foul Ball, location: 2F
2-2: Strikes out swinging
Batting: RHB Nate Diaz 0-0: DOUBLE (Line Drive, 3D, EV 106.9 MPH)
Ivan Batlle scores
Batting: SHB Nick Miller 0-0: Called Strike
0-1: Ball
1-1: Swinging Strike
1-2: Fly out, F6 (Line Drive, 6, EV 73.1 MPH)
Top of the 4th over - 1 run, 2 hits, 0 errors, 1 left on base; Elizabethton 3 - Seattle (APP) 0
BOTTOM OF THE 4TH
Seattle (APP) Mariners batting - Pitching for Elizabethton Twins : RHP Lance Wheeler
Batting: RHB J.J. Phillips 0-0: Called Strike
0-1: Swinging Strike
0-2: Strikes out swinging
Batting: LHB Joe Thompson 0-0: Called Strike
0-1: Ball
1-1: Called Strike
1-2: Fly out, F7 (Line Drive, 7D, EV 98.1 MPH)
Batting: RHB Manny Santos 0-0: Fly out, F9 (Flyball, 9D, EV 85.0 MPH)
Bottom of the 4th over - 0 runs, 0 hits, 0 errors, 0 left on base; Elizabethton 3 - Seattle (APP) 0
TOP OF THE 5TH
Elizabethton Twins batting - Pitching for Seattle (APP) Mariners : LHP David Chukwu
Batting: LHB Luis Tarango 0-0: Ball
1-0: Called Strike
1-1: Foul Ball, location: 2F
1-2: Foul Ball, location: 2F
1-2: Strikes out swinging
Batting: RHB Steve Amiano 0-0: Ball
1-0: Called Strike
1-1: Ball
2-1: Ground out 5-3 (Groundball, 56, EV 84.4 MPH)
Batting: RHB Danny Stein 0-0: Called Strike
0-1: Ball
1-1: Ball
2-1: Called Strike
2-2: Ground out 1-3 (Groundball, 15S, EV 72.5 MPH)
Top of the 5th over - 0 runs, 0 hits, 0 errors, 0 left on base; Elizabethton 3 - Seattle (APP) 0
BOTTOM OF THE 5TH
Seattle (APP) Mariners batting - Pitching for Elizabethton Twins : RHP Lance Wheeler
Batting: RHB Abel Gray 0-0: Ball
1-0: Foul Ball, location: 2F
1-1: Ball
2-1: Swinging Strike
2-2: Foul Ball, location: 2F
2-2: Foul Ball, location: 2F
2-2: Strikes out swinging
Batting: RHB David Knox 0-0: Called Strike
0-1: Ball
1-1: Ball
2-1: SOLO HOME RUN (Flyball, 7D, EV 103.1 MPH), Distance : 358 ft
Batting: RHB Evan Bohringer 0-0: Called Strike
0-1: Ball
1-1: Swinging Strike
1-2: Foul Ball, location: 2F
1-2: Ball
2-2: Strikes out swinging
Batting: LHB Humberto Herrada 0-0: Called Strike
0-1: Bunt missed!
0-2: Ball
1-2: Ball
2-2: Strikes out swinging
Bottom of the 5th over - 1 run, 1 hit, 0 errors, 0 left on base; Elizabethton 3 - Seattle (APP) 1
TOP OF THE 6TH
Elizabethton Twins batting - Pitching for Seattle (APP) Mariners : LHP David Chukwu
Batting: RHB Justin Wright 0-0: Ball
1-0: Ground out 5-3 (Groundball, 56, EV 83.8 MPH)
Batting: RHB Matt Horne 0-0: Ball
1-0: Foul Ball, location: 2F
1-1: Called Strike
1-2: Fly out, F9 (Flyball, 9D, EV 95.0 MPH)
Batting: SHB Ivan Batlle 0-0: Foul Ball, location: 2F
0-1: Ball
1-1: Fly out, F8 (Flyball, 8LS, EV 89.4 MPH)
Top of the 6th over - 0 runs, 0 hits, 0 errors, 0 left on base; Elizabethton 3 - Seattle (APP) 1
BOTTOM OF THE 6TH
Seattle (APP) Mariners batting - Pitching for Elizabethton Twins : RHP Lance Wheeler
Pitching: RHP Shiloh Rawls
Batting: RHB Corey Davis 0-0: Called Strike
0-1: Ground out 2-3 (Groundball, 2R, EV 72.5 MPH)
Batting: LHB Griffin Fogle 0-0: Foul Ball, location: 2F
0-1: Foul Ball, location: 2F
0-2: Strikes out swinging, 2-3 out at first.
Batting: RHB J.J. Phillips 0-0: Swinging Strike
0-1: Ball
1-1: Fly out, F8 (Flyball, 8RM, EV 74.4 MPH)
Bottom of the 6th over - 0 runs, 0 hits, 0 errors, 0 left on base; Elizabethton 3 - Seattle (APP) 1
TOP OF THE 7TH
Elizabethton Twins batting - Pitching for Seattle (APP) Mariners : LHP David Chukwu
Pitching: LHP Wang Jing
Batting: RHB Constantino Gaivo 0-0: Ball
1-0: Ground out 6-3 (Groundball, 6S, EV 69.4 MPH)
Batting: RHB Nate Diaz 0-0: Ball
1-0: Ball
2-0: Foul Ball, location: 2F
2-1: Ball
3-1: Base on Balls
Batting: SHB Nick Miller 0-0: Called Strike
0-1: Ball
1-1: Called Strike
1-2: Grounds into double play, 4-6-3 (Groundball, 4, EV 106.3 MPH)
Top of the 7th over - 0 runs, 0 hits, 0 errors, 0 left on base; Elizabethton 3 - Seattle (APP) 1
BOTTOM OF THE 7TH
Seattle (APP) Mariners batting - Pitching for Elizabethton Twins : RHP Shiloh Rawls
Batting: LHB Joe Thompson 0-0: Ball
1-0: Swinging Strike
1-1: Foul Ball, location: 2F
1-2: Ball
2-2: Strikes out looking
Batting: RHB Manny Santos 0-0: Called Strike
0-1: Fly out, F5 (Line Drive, 5, EV 66.9 MPH)
Batting: RHB Abel Gray 0-0: Ball
1-0: Called Strike
1-1: Foul Ball, location: 2F
1-2: Ball
2-2: Ball
3-2: Strikes out swinging
Bottom of the 7th over - 0 runs, 0 hits, 0 errors, 0 left on base; Elizabethton 3 - Seattle (APP) 1
TOP OF THE 8TH
Elizabethton Twins batting - Pitching for Seattle (APP) Mariners : LHP Wang Jing
Batting: LHB Luis Tarango 0-0: Ball
1-0: Ball
2-0: Called Strike
2-1: Ground out U3 (Groundball, 3, EV 93.1 MPH)
Batting: RHB Steve Amiano 0-0: Called Strike
0-1: Called Strike
0-2: Ball
1-2: Ball
2-2: Foul Ball, location: 2F
2-2: Ball
3-2: Base on Balls
Pitching: LHP Zheng-ze Rui
Batting: RHB Danny Stein 0-0: Called Strike
0-1: Foul Ball, location: 2F
0-2: Ball
1-2: Foul Ball, location: 2F
1-2: Foul Ball, location: 2F
1-2: Fly out, F7 (Line Drive, 7, EV 86.9 MPH)
Batting: RHB Justin Wright 0-0: Swinging Strike
0-1: Ball
1-1: SINGLE (Groundball, 6MD, EV 103.1 MPH)
Steve Amiano to second
Runner from 2nd tries for 3rd, OUT! 8-5
Top of the 8th over - 0 runs, 1 hit, 0 errors, 1 left on base; Elizabethton 3 - Seattle (APP) 1
BOTTOM OF THE 8TH
Seattle (APP) Mariners batting - Pitching for Elizabethton Twins : RHP Shiloh Rawls
Pitching: RHP Arjan Geertsma
Batting: RHB David Knox 0-0: Called Strike
0-1: Ball
1-1: Ball
2-1: Called Strike
2-2: Ground out 4-3 (Groundball, 4, EV 86.9 MPH)
Batting: RHB Evan Bohringer 0-0: Foul Ball, location: 2F
0-1: Foul Ball, location: 2F
0-2: Foul Ball, location: 2F
0-2: Ball
1-2: Ground out 4-3 (Groundball, 34D, EV 101.9 MPH)
Batting: LHB Humberto Herrada 0-0: Ball
1-0: Swinging Strike
1-1: DOUBLE (Line Drive, 7LM, EV 108.1 MPH)
Batting: RHB Corey Davis 0-0: Called Strike
0-1: Ball
1-1: Foul Ball, location: 2F
1-2: Strikes out swinging
Bottom of the 8th over - 0 runs, 1 hit, 0 errors, 1 left on base; Elizabethton 3 - Seattle (APP) 1
TOP OF THE 9TH
Elizabethton Twins batting - Pitching for Seattle (APP) Mariners : LHP Zheng-ze Rui
Batting: RHB Matt Horne 0-0: Fly out, F3 (Popup, 3L, EV 66.3 MPH)
Batting: SHB Ivan Batlle 0-0: Called Strike
0-1: Ball
1-1: Foul Ball, location: 2F
1-2: Ball
2-2: Foul Ball, location: 2F
2-2: Ball
3-2: Base on Balls
Batting: RHB Constantino Gaivo 0-0: Called Strike
0-1: Swinging Strike
0-2: Foul Ball, location: 2F
0-2: Strikes out swinging
Batting: RHB Nate Diaz 0-0: Fielders Choice at 2nd, 5-4 (Groundball, 56, EV 110.6 MPH)
Top of the 9th over - 0 runs, 0 hits, 0 errors, 1 left on base; Elizabethton 3 - Seattle (APP) 1
BOTTOM OF THE 9TH
Seattle (APP) Mariners batting - Pitching for Elizabethton Twins : RHP Arjan Geertsma
Pitching: RHP Martin Coleman
Now at 3B: Jamie Williams
Batting: LHB Griffin Fogle 0-0: Swinging Strike
0-1: Ball
1-1: Ball
2-1: Foul Ball, location: 2F
2-2: Strikes out looking
Batting: RHB J.J. Phillips 0-0: Swinging Strike
0-1: Ball
1-1: Ball
2-1: Ball
3-1: Foul Ball, location: 2F
3-2: Foul Ball, location: 2F
3-2: Ground out 6-3 (Groundball, 6M, EV 91.3 MPH)
Batting: LHB Joe Thompson 0-0: Foul Ball, location: 2F
0-1: Ball
1-1: Ball
2-1: Called Strike
2-2: Foul Ball, location: 2F
2-2: Ground out 4-3 (Groundball, 4S, EV 80.0 MPH)
Bottom of the 9th over - 0 runs, 0 hits, 0 errors, 0 left on base; Elizabethton 3 - Seattle (APP) 1
Thursday, March 31st , 2022 - OOTP Baseball 22.12 Build 89